 Dungeon Crawl Stone Soup version 0.31-a0-355-g57cb03d3e8 (webtiles) character file.

Game seed: 6810474265843190069

616 avis the Ruffian (level 7, -11/64 HPs)
             Began as a Hill Orc Monk on July 24, 2023.
             Killed from afar by a steam dragon (18 damage)
             ... with a ball of steam
             ... on level 6 of the Dungeon on July 25, 2023.
             The game lasted 00:22:03 (5205 turns).

avis the Ruffian (Hill Orc Monk)                    Turns: 5205, Time: 00:22:04

Health: -11/64     AC:  8    Str: 16    XL:     7   Next: 45%
Magic:  7/7        EV:  7    Int: 10    God:
Gold:   284        SH:  4    Dex: 13    Spells: 6/6 levels left

rFire   . . .        a - +3 dagger (elec)
rCold   . . .        n - +0 buckler
rNeg    . . .        e - +0 chain mail
rPois   .            (no helmet)
rElec   .            (no cloak)
rCorr   .            (no gloves)
SInv    .            (no boots)
Will    .....        (no amulet) Stlth
                     h - ring of flight
HPRegen 0.30/turn    (no ring)
MPRegen 0.10/turn

%: no passive effects
@: flying
A: no striking features
a: no special abilities


You were on level 6 of the Dungeon.
You visited 2 branches of the dungeon, and saw 7 of its levels.

You collected 284 gold pieces.

Inventory:

Hand Weapons
 a - a +3 dagger of electrocution (weapon)
 b - a +0 sling
 w - a +2 vampiric dagger
 E - a +0 dagger of speed
Armour
 e - a +0 chain mail (worn)
 n - a +0 buckler (worn)
Jewellery
 h - a ring of flight (left hand)
Talismans
 g - a beast talisman
Scrolls
 f - 2 scrolls of teleportation {unknown}
 o - a scroll of fear {unknown}
 s - a scroll of enchant weapon {unknown}
 t - a scroll of vulnerability {unknown}
 x - a scroll of blinking {unknown}
Potions
 c - a potion of resistance {unknown}
 d - a potion of ambrosia
 i - a potion of haste {unknown}
 k - 2 potions of curing
 m - a potion of might {unknown}
 p - 3 potions of enlightenment
 q - 2 potions of heal wounds {unknown}
 r - a potion of lignification {unknown}
 v - a potion of invisibility {unknown}
 D - a potion of brilliance {unknown}


   Skills:
 + Level 6.5 Fighting
 - Level 2.4 Dodging
 * Level 7.7 Unarmed Combat


You had 6 spell levels left.
You didn't know any spells.
Your spell library contained the following spells:

 Spells                   Type           Power      Damage    Failure   Level
 Sublimation of Blood     Necr           0%         N/A       100%        2
 Wereblood                Tmut           0%         N/A       100%        2
 Summon Hydra             Summ           0%         N/A       100%        7


Dungeon Overview and Level Annotations

Branches:
Dungeon (6/15)             Temple (1/1) D:5

Altars:
Ashenzari
Dithmenos
Fedhas
Gozag
Hepliaklqana
Kikubaaqudgha
Makhleb
Ru
Uskayaw
Wu Jian
Xom
Yredelemnul
The Shining One


Message History

The steam dragon is heavily wounded.
The steam dragon bites you but does no damage.
The steam dragon claws you but does no damage.
You hit the steam dragon but do no damage.
The steam dragon is heavily wounded.
The steam dragon breathes steam at you. The ball of steam hits you.
You block the steam dragon's attack.
The steam dragon claws you but does no damage.
An ogre comes into view. It is wielding a +0 giant club.
You closely miss the steam dragon.
The steam dragon is heavily wounded.
The steam dragon barely misses you.
The steam dragon claws you but does no damage.
The steam dragon bites you but does no damage.
The steam dragon closely misses you.
Okay, then.
Sorry, you're not good enough to have a special ability.
You hit the steam dragon.
The steam dragon is severely wounded.
The steam dragon bites you! You block the steam dragon's attack.
You hit the steam dragon.
The steam dragon is severely wounded.
The steam dragon breathes steam at you. The ball of steam hits you!
* * * LOW HITPOINT WARNING * * *
The steam dragon attacks as you move away!
The steam dragon bites you but does no damage.
The steam dragon claws you but does no damage.
The steam dragon attacks as you move away!
The steam dragon bites you.
* * * LOW HITPOINT WARNING * * *
You block the steam dragon's attack. The steam dragon breathes steam at you.
The ball of steam hits you.
* * * LOW HITPOINT WARNING * * *
The ogre is engulfed in a cloud of scalding steam.
The steam dragon breathes steam at you. The ball of steam hits you!!
You die...

#...#
###...###
#.......#
#.......#
#.......#
###.O.###
##.D.#.#
#..ยง#.#
#.#.@##
#...#.#
######.#
##


You could see a steam dragon (catching breath) and an ogre.

Vanquished Creatures
  2 ogres
  2 scorpions
  A hound (D:5)
  A jelly (D:6)
  A sleepcap (D:5)
  An iguana (D:5)
  3 gnolls (D:4)
  8 adders
  A shadow imp (D:5)
  3 worms
  A dart slug (D:2)
  6 orcs
  5 bats
  6 endoplasms
  5 giant cockroaches
  7 goblins
  9 hobgoblins
  5 jackals
  9 kobolds
  3 quokkas
  9 ball pythons
  3 frilled lizards
  4 rats (D:2)
95 creatures vanquished.

Notes
Turn   | Place    | Note
-------+----------+-------------------------------------------
     0 | D:1      | avis the Hill Orc Monk began the quest for the Orb.
     0 | D:1      | Reached XP level 1. HP: 19/19 MP: 1/1
   102 | D:1      | Reached XP level 2. HP: 24/27 MP: 2/2
   221 | D:1      | Reached skill level 4 in Unarmed Combat
   351 | D:1      | Reached XP level 3. HP: 33/33 MP: 3/3
   593 | D:2      | Found a glowing golden altar of the Shining One.
   909 | D:2      | Reached XP level 4. HP: 35/41 MP: 4/4
  1143 | D:2      | Reached skill level 5 in Unarmed Combat
  1255 | D:3      | Found a burning altar of Makhleb.
  1255 | D:3      | Noticed an Executioner
  1295 | D:3      | Noticed a scorpion
  1406 | D:3      | Killed a scorpion
  1407 | D:3      | Reached skill level 5 in Fighting
  1407 | D:3      | Reached XP level 5. HP: 48/48 MP: 5/5
  1676 | D:3      | Found a sacrificial altar of Ru.
  1885 | D:3      | Found an opulent altar of Gozag.
  2520 | D:4      | Identified the +3 barding of the Blessed Realm {+Blink rF+
                  | Dex+4 Stlth+}
  3104 | D:4      | Reached skill level 6 in Unarmed Combat
  3605 | D:4      | Reached XP level 6. HP: 42/56 MP: 6/6
  3673 | D:4      | Found an ancient bone altar of Kikubaaqudgha.
  3848 | D:5      | Entered Level 5 of the Dungeon
  3850 | D:5      | Found a glowing golden altar of the Shining One.
  4249 | D:5      | Reached skill level 7 in Unarmed Combat
  4265 | D:5      | Reached XP level 7. HP: 49/63 MP: 7/7
  4408 | D:5      | Found a staircase to the Ecumenical Temple.
  4444 | Temple   | Entered the Ecumenical Temple
  4517 | D:5      | Found a basalt altar of Yredelemnul.
  5181 | D:6      | Noticed a steam dragon
  5205 | D:6      | Killed from afar by a steam dragon

Illustrated notes

Levels and vault maps discovered:
D:1:      dpeg_arrival_solitude, layout_rooms, moated_statue,
          chequers_decorated_corner, minmay_octomino_j4
D:2:      layout_rooms, basic_altar, kennysheep_generic_room_8
D:3:      layout_loops_ring, amcnicky_altar_gilded, makhleb_altar_promises_db,
          lemuel_doored_altar, serial_aquarium, aquarium_bridge_island_small
          [aquarium_subvault_small_water, aquarium_subvault_wall,
          aquarium_subvault_bridge, aquarium_subvault_wall,
          aquarium_subvault_window], aquarium_bridge_square
          [aquarium_subvault_bridge, aquarium_subvault_window,
          aquarium_subvault_wall, aquarium_subvault_bridge], aquarium_window_3,
          aquarium_window_fake, aquarium_view_2a, aquarium_pool_side,
          bh_walls_and_bars
D:4:      layout_loops_cross, nicolae_kikubaaqudgha_miasma_corner,
          minmay_misc_feat_cross, minmay_misc_feat_enclosed, nicolae_the_louvre
D:5:      layout_basic, nicolae_overflow_crystal_walls,
          nicolae_overflow_hidden_temple, temple_pool_b
D:6:      layout_loops_corners, cheibrodos_sewer_entry_drain, uniq_menkaure
Temple:   hellmonk_temple_two_chambers

Skill      XL: |  1  2  3  4  5  6 |
---------------+-------------------+-----
Fighting       | 4 5 6 |  6.5
Unarmed Combat | 4 5 6 7 |  7.7
Dodging        | |  2.4

Action                     |  1- 3 |  4- 6 |  7- 9 || total
---------------------------+-------+-------+-------++-------
  Melee: Unarmed           |   100 |    59 |       ||   159
         Dagger            |       |    92 |    25 ||   117
   Fire: Sling             |       |    64 |    16 ||    80
  Throw: Stone             |    43 |    13 |       ||    56
    Use: Scroll            |       |       |     4 ||     4
 Armour: Chain mail        |    49 |    54 |    15 ||   118
  Dodge: Dodged            |    30 |    53 |     5 ||    88
  Block: Buckler           |       |    27 |     5 ||    32

Table legend: (Time is in decaauts)
 A = Elapsed time spent in this place.
 B = Non-inter-level travel time spent in this place.
 C = Inter-level travel time spent in this place.
 D = Time resting spent in this place.
 E = Time spent auto-exploring this place.
 F = Levels seen in this place.
 G = Mean time per level.
                   A        B        C        D        E       F      G
               +--------+--------+--------+--------+--------+-----+--------+
         Total |   5245 |   4757 |    488 |   1158 |   2411 |   7 |  749.3 |
       Dungeon |   5212 |   4724 |    488 |   1158 |   2411 |   6 |  868.7 |
        Temple |     32 |     32 |      0 |      0 |      0 |   1 |   32.0 |
               +--------+--------+--------+--------+--------+-----+--------+

Top non-repeatable levels by time:
     D:3: 1452 daAuts
     D:4: 1203 daAuts
     D:5: 1164 daAuts
     D:2: 759 daAuts
     D:1: 551 daAuts
     D:6: 80 daAuts
  Temple: 32 daAuts
